Map: [ESL] Stargazers

Players

milkicow

  • Race: Terran Terran
  • Spawn Location: 1:00

MaxPax - Winner!

  • Race: Protoss Protoss
  • Spawn Location: 11:00

Event: DreamHack SC2 Masters 2022 Atlanta (Online)

VOD

Have the link to the VOD?

Description

Time

  • Played on: Oct. 5, 2022, 1:08 p.m.
  • Length: 5:22

All games in this series

Show
View Real Time Build Order
Export as new Build Order

milkicow Terran 

Build Orders: 1/1/1 

Get SALT Encoding   

  12  0:00  SCV  
  13  0:12  SCV  
  14  0:17  Supply Depot  
  14  0:24  SCV  
  15  0:39  SCV  
  15  0:41  Barracks  
  16  0:43  Refinery  
  16  0:51  SCV  
  16  0:53  Refinery  
  17  1:03  SCV  
  18  1:15  SCV  
  19  1:28  Reaper, Orbital Command  
  19  1:29  Supply Depot  
  20  1:42  Factory  
  20  1:54  SCV  
  20  2:00  Barracks Reactor  
  21  2:06  SCV  
  22  2:18  Command Center  
  22  2:20  SCV  
  23  2:29  Starport  
  23  2:33  SCV  
  24  2:39  Supply Depot  
  24  2:40  Widow Mine  
  26  2:45  Widow Mine  
  26  2:47  SCV  
  29  2:59  SCV  
  29  3:03  Widow Mine  
  32  3:06  Widow Mine  
  32  3:11  SCV  
  35  3:20  Medivac  
  35  3:23  SCV  
  36  3:34  Orbital Command  
  36  3:35  SCV  
  36  3:41  Barracks Tech Lab  
  37  3:43  Widow Mine x2  
  37  3:44  Orbital Command  
  37  3:47  SCV  
  42  3:58  Medivac  
  42  4:00  SCV  
  43  4:10  SCV  
  43  4:12  SCV  
  43  4:13  Supply Depot  
  41  4:18  Widow Mine x2  
  41  4:22  SCV  
  41  4:24  SCV  
  43  4:26  Marine  
  44  4:34  SCV  
  44  4:36  SCV  
  44  4:38  Command Center, Medivac  
  46  4:40  Widow Mine  
  49  4:46  SCV  
  49  4:48  SCV, Widow Mine  
  49  4:58  SCV  
  50  5:00  SCV  
Show
View Real Time Build Order
Export as new Build Order

MaxPax Protoss - Winner!

Build Orders: 1 Gate Expand, Phoenix Opening 

Get SALT Encoding   

  12  0:00  Probe  
  13  0:12  Probe  
  14  0:17  Pylon  
  14  0:24  Probe (Chrono Boost)  
  15  0:36  Gateway, Probe (Chrono Boost)  
  16  0:43  Probe (Chrono Boost)  
  16  0:45  Assimilator  
  17  0:51  Probe  
  18  1:03  Probe  
  19  1:15  Probe  
  20  1:23  Cybernetics Core  
  20  1:30  Nexus  
  20  1:33  Probe  
  20  1:39  Pylon  
  21  1:45  Probe  
  22  1:48  Assimilator  
  22  1:56  Adept (Chrono Boost)  
  22  1:57  Probe  
  25  2:09  Probe (Chrono Boost)  
  26  2:21  Probe (Chrono Boost)  
  26  2:22  Stargate  
  27  2:25  Probe (Chrono Boost)  
  28  2:30  Stalker  
  31  2:38  Shield Battery, Probe (Chrono Boost)  
  31  2:40  Warp Gate  
  31  2:42  Probe (Chrono Boost)  
  34  2:52  Probe x2 (Chrono Boost)  
  34  2:54  Pylon  
  34  2:56  Probe (Chrono Boost)  
  33  3:00  Probe  
  35  3:08  Probe  
  35  3:11  Phoenix (Chrono Boost)  
  35  3:12  Probe  
  39  3:20  Probe  
  39  3:24  Probe  
  41  3:27  Phoenix (Chrono Boost)  
  41  3:32  Probe  
  41  3:33  Assimilator  
  42  3:36  Probe  
  42  3:37  Robotics Facility  
  43  3:44  Probe  
  43  3:48  Probe  
  45  3:50  Pylon  
  45  3:52  Phoenix (Chrono Boost)  
  47  3:56  Probe  
  47  3:58  Pylon  
  47  4:00  Probe  
  49  4:08  Phoenix (Chrono Boost), Probe  
  50  4:12  Probe  
  53  4:20  Pylon  
  53  4:21  Probe  
  52  4:24  Probe  
  53  4:33  Phoenix, Probe  
  53  4:36  Probe  
  57  4:40  Observer (Chrono Boost)  
  57  4:42  Assimilator  
  57  4:45  Probe  
  59  4:49  Probe  
  59  4:50  Pylon  
  60  4:57  Probe  
  63  5:01  Probe  
  65  5:07  Nexus  
  65  5:09  Probe, Pylon  
Tags
 
Add a new tag
Caveats
  • Supply blocks, unpowered buildings, or Contaminate may cause inaccurate times.
  • Supply counts are checked every 10 seconds.